 Dungeon Crawl Stone Soup version 0.25-a0-263-g9d16a9d099 (webtiles) character file.

Game seed: 6648444659287134277, levelgen mode: deterministic

78 MordorOrchid the Shield-Bearer (level 4, 0/28 HPs)
             Began as a Gargoyle Fighter on Dec 7, 2019.
             Killed from afar by an orc wizard (8 damage)
             ... with a magic dart
             ... on level 3 of the Dungeon.
             The game lasted 00:03:04 (1525 turns).

MordorOrchid the Shield-Bearer (Gargoyle Fighter)   Turns: 1525, Time: 00:03:05

Health: 0/28       AC: 13    Str: 21    XL:     4   Next: 36%
Magic:  4/4        EV:  8    Int:  8    God:
Gold:   55         SH:  9    Dex:  9    Spells: 3/3 levels left

rFire    . . .     SeeInvis .   a - +0 flail
rCold    . . .     Gourm    .   c - +0 shield
rNeg     + . .     Faith    .   b - +0 scale mail
rPois    ∞         Spirit   .   (no helmet)
rElec    +         Reflect  .   (no cloak)
rCorr    .         Harm     .   l - +2 pair of gloves
MR       .....                  (no boots)
Stlth    ..........             (no amulet)
HPRegen  0.09/turn              (no ring)
MPRegen  0.09/turn              (no ring)

@: starving, slowed, very slow
A: negative energy resistance 1, electricity resistance, unbreathing,
petrification resistance, rot immunity, AC +3
a: no special abilities


You were on level 3 of the Dungeon.
You were starving.

You visited 1 branch of the dungeon, and saw 3 of its levels.

You collected 55 gold pieces.

Inventory:

Hand Weapons
 a - a +0 flail (weapon)
Missiles
 i - 14 sling bullets
 o - 23 bolts
Armour
 b - a +0 scale mail (worn)
 c - a +0 shield (worn)
 l - a +2 pair of gloves (worn)
Scrolls
 g - a scroll of remove curse {unknown}
 j - a scroll of amnesia {unknown}
 m - a scroll of noise {unknown}
 n - 3 scrolls of blinking {unknown}
 p - 2 scrolls of teleportation {unknown}
 q - a scroll of identify {unknown}
 r - 2 scrolls of enchant weapon {unknown}
Potions
 e - a potion of heal wounds {unknown}
 h - a potion of curing {unknown}
 k - a potion of lignification
 s - a potion of mutation {unknown}
Comestibles
 f - 4 rations


   Skills:
 - Level 3.2 Fighting
 * Level 3.2 Maces & Flails
 + Level 3.8 Armour
 * Level 1.1 Dodging
 + Level 3.8 Shields


You had 3 spell levels left.
You didn't know any spells.
Your spell library was empty.

Dungeon Overview and Level Annotations

Branches:
Dungeon (3/15)

Altars:


Innate Abilities, Weirdness & Mutations

You are resistant to torment.
Your stone body is resilient. (AC +3)
You are immune to poison.
You resist negative energy. (rN+)
You are resistant to electric shocks. (rElec)
You can survive without breathing.
You are immune to petrification.
You are immune to rotting.


Message History

The orc wizard is severely wounded.
You block the orc wizard's attack.
The orc wizard gestures wildly while chanting.
The orc wizard blinks!
The orc wizard casts a spell.
The orc wizard blinks!
You cannot move.
You feel less wooden.
Your +2 pair of gloves unmelds from your body.
Your +0 scale mail unmelds from your body.
You block the orc wizard's attack.
The orc wizard hits you but does no damage.
The orc wizard completely misses you.
The orc wizard hits you but does no damage.
You closely miss the orc wizard.
The orc wizard is heavily wounded.
The orc wizard hits you but does no damage.
The orc wizard points at you and mumbles some strange words.
The magic dart hits you!
You die...

#. .....
#.######.....
#...<>.......
#..#.........
#..##.#######
#(.).........
#.###.###########
# #..)o........
####.@.....#
#.......#
.........#
...........#
#............#
#.....?......#
######.........
.!........


You could see an orc wizard.

Vanquished Creatures
  A hound (D:2)
  An adder (D:2)
  A worm (D:2)
  2 dart slugs (D:1)
  4 orcs (D:3)
  A ball python (D:2)
  2 giant cockroaches (D:1)
  2 hobgoblins (D:1)
  3 bats
  2 frilled lizards (D:1)
  2 goblins (D:1)
  5 kobolds
  4 rats
30 creatures vanquished.

Notes
Turn   | Place    | Note
-------+----------+-------------------------------------------
     0 | D:1      | MordorOrchid the Gargoyle Fighter began the quest for the
                  | Orb.
     0 | D:1      | Reached XP level 1. HP: 14/14 MP: 1/1
    75 | D:1      | Reached XP level 2. HP: 14/19 MP: 2/2
   739 | D:2      | Reached skill level 1 in Dodging
   739 | D:2      | Reached XP level 3. HP: 15/23 MP: 3/3
   916 | D:2      | Reached XP level 4. HP: 22/28 MP: 4/4
  1525 | D:3      | Killed from afar by an orc wizard

Levels and vault maps discovered:
D:1:      eino_arrival_water_cross, layout_rooms, minmay_misc_feat_room,
          minmay_tromino_i2
D:2:      layout_loops_cross, serial_rivers, chequers_serial_rivers_micro_e,
          chequers_serial_rivers_large_b, chequers_serial_rivers_micro_a,
          chequers_serial_rivers_room_a, chequers_serial_rivers_marsh,
          chequers_serial_rivers_micro_d, first_ration
D:3:      layout_basic, minmay_gold_behind_fungi, glass_columns_b, uniq_sigmund

Skill      XL: |  1  2 |
---------------+-------+-----
Maces & Flails | 3 |  3.2
Dodging        | 1 |  1.1
Fighting       | |  3.2
Armour         | |  3.8
Shields        | |  3.8

Action                   |  1- 3 |  4- 6 || total
-------------------------+-------+-------++-------
Melee: Flail             |    93 |    55 ||   148
  Use: Potion            |       |     2 ||     2
Armor: Scale mail        |    60 |    23 ||    83
       Skin              |       |    12 ||    12
Dodge: Dodged            |    28 |    11 ||    39
Block: Shield            |    47 |    26 ||    73

Table legend:
 A = Non-vault XP
 B = Vault XP
 C = Vault XP percentage of total XP
 D = Non-vault monster count
 E = Vault monster count
 F = Vault count percentage of total count
                 A         B        C        D         E       F
            +---------+---------+-------+---------+---------+-------
      Total |     107 |       5 |   4.5 |      28 |       2 |   6.7
            +---------+---------+-------+---------+---------+-------
        D:1 |      27 |       5 |  15.6 |      17 |       2 |  10.5
        D:2 |      68 |       0 |   0.0 |       7 |       0 |   0.0
        D:3 |      12 |       0 |   0.0 |       4 |       0 |   0.0
            +---------+---------+-------+---------+---------+-------
